AoeStats
← kV0t3

Arabia

509226152Analyzed
1v1 RM · 6d ago on Sep 26, 2026· 36m 31s· 2 players
Game mode
Random Map
Map size
Tiny (2 player)
Population
200
Speed
Normal
Resources
Standard
Victory
Conquest
Starting age
Dark Age
Ending age
Imperial Age
RankedLock teamsTeams togetherTeam positionsShared explorationLock speedFull tech treeHidden civsTurbo modeCheats
Victory
Defeat
🇧🇷 Mongols · Brazil
1223
+18
🇦🇷 Vikings · Argentina
1258
-18
OldStyle
1:55 Loom
9:50 Feudal Age
10:33 Double-Bit Axe
13:09 Fletching
17:12 Wheelbarrow
22:47 Castle Age
20:44 Horse Collar
21:30 Gold Mining
22:31 Padded Archer Armor
23:25 Bodkin Arrow
23:14 Crossbowman
29:39 Town Watch
30:05 Bow Saw
29:57 Heavy Plow
30:14 Leather Archer Armor
34:37 Imperial Age
34:01 Bloodlines
34:01 Scale Barding Armor
34:33 Ballistics
36:28 Chemistry
kV0t3
0:25 Loom
13:00 Feudal Age
13:40 Town Watch
19:09 Castle Age
25:05 Fletching
26:13 Bodkin Arrow
33:05 Double-Bit Axe
33:01 Horse Collar
33:16 Gold Mining
33:55 Bow Saw
33:56 Heavy Plow
38:34 Imperial Age
Connection lost

Rejoining the realm…

Still unreachable

The connection could not be restored.

Session expired

The server has moved on; the page needs a fresh start.